 Dungeon Crawl Stone Soup version 0.28-a0-691-gad6df49e81 (webtiles) character file.

Game seed: 16420364910075770657

27 spiderkeys the Skirmisher (level 2, 0/29 HPs)
             Began as a Troll Abyssal Knight on Oct 21, 2021.
             Was a Follower of Lugonu.
             Slain by a hellwing (11 damage)
             ... on level 1 of the Abyss.
             The game lasted 00:00:25 (179 turns).

spiderkeys the Skirmisher (Troll Abyssal Knight)     Turns: 179, Time: 00:00:26

Health: 0/29       AC:  4    Str: 20    XL:     2   Next: 93%
Magic:  1/1        EV: 10    Int:  6    God:    Lugonu [*.....]
Gold:   8          SH:  0    Dex: 10    Spells: 1/1 levels left

rFire   . . .      SeeInvis .     - Unarmed
rCold   . . .      Faith    .   (no shield)
rNeg    . . .      Spirit   .   a - +0 robe
rPois   .          Reflect  .   (helmet restricted)
rElec   .          Harm     .   (no cloak)
rCorr   .          Rampage  .   (gloves unavailable)
Will    .....                   (boots unavailable)
Stlth   +.........              (no amulet)
HPRegen 1.09/turn               (no ring)
MPRegen 0.07/turn               (no ring)

@: unable to read
A: large, unfitting armour, claws 3, regeneration 1, shaggy fur 1, tough skin 1,
[low mp 2], [subdued magic 2], [inability to read while threatened]
a: Renounce Religion, Depart the Abyss


You were on level 1 of the Abyss.
You worshipped Lugonu.
Lugonu was aware of your devotion.
You visited 0 branches of the dungeon, and saw 0 of its levels.
You visited the Abyss 1 time.

You collected 8 gold pieces.


Innate Abilities, Weirdness & Mutations

You are too large for most types of armour.
You have claws for hands.
Your natural rate of healing is unusually fast.
You are covered in fur. (AC +1)
You have tough skin. (AC +1)
[Your magical capacity is very low. (-20% MP)]
[Your spells are easier to cast, but less powerful.]
[You sometimes lose the ability to read scrolls when taking damage.]


   Skills:
 + Level 2.6 Fighting
 + Level 0.7 Armour
 + Level 2.1 Dodging
 + Level 2.3 Unarmed Combat
 + Level 2.0 Invocations


You had one spell level left.
You didn't know any spells.
Your spell library was empty.

Inventory:

Armour
 a - a +0 robe (worn)

Dungeon Overview and Level Annotations

Branches:
Dungeon (0/15)

Altars:

Annotations:
Abyss:1 1 transporter

. . # .#. ### ####
.###.# ##.? # =# . .#
...## ##.!. ## ##. #..##
##.X.t ## .
#.@ยง###XXX#####.##.
##.###4XxยงtkX###.##...#
.....##ยงX*X.##...#..###
##...ยฉ#X._XX#X..X.#.. #
.....##GS5X.##....##..#
###.###.......###.#.##..
## #...###...###.# #.#
...## ##...X .#.### ...#
###)[ .. ..


You could see 4 starcursed masses, 2 tentacled monstrosities, a wretched star, a
wind drake (repels missiles), a glowing orange brain, a shock serpent shaped
shifter, an apocalypse crab, a thrashing horror, 2 large abominations, a
hellwing, a small abomination and a quasit.


Message History

๐Ÿค– Initializing magus.rc ... โœ… Successfully initialized magus.rc [v1.9.10] Welcome, spiderkeys the Troll Abyssal Knight.
Everyone else who sought the Orb of Zot has failed.
Will you be different?
Lugonu says: Depart the Abyss and spread corruption, my servant! (use the ability menu to exit the Abyss) Press ? for a list of commands and other information.
Found a corrupted altar of Lugonu.
You now have 8 gold pieces.
An iron imp is cast out of reality.
The iron imp shouts!
You scratch the iron imp. The iron imp barely misses you.
You barely miss the iron imp. The iron imp hits you. ๐Ÿ˜• HP[-5]
You take 5 damage, and now have 17/22 hp.
MASSIVE DAMAGE!! (PAUSE)
You barely miss the iron imp. The iron imp misses you. ๐Ÿ˜• HP[+1]
You scratch the iron imp. ๐Ÿ˜• HP[+1]
You barely miss the iron imp.
The iron imp barely misses you. ๐Ÿ˜• HP[+1]
You claw the iron imp!
The iron imp barely misses you. ๐Ÿ˜• HP[+1]
You claw the iron imp!
You kill the iron imp!
A large abomination comes into view.
Your Dodging skill increases to level 2!
Your Invocations skill increases to level 2!
You have reached level 2! ๐Ÿ˜Ž HP[+8] MP[+1]
You now have 29 max hp (+7).
Your hp is fully restored (29).
Your mp is fully restored (2).
The substance of the Abyss twists violently, and a gateway leading out appears!
There is a gateway leading out of the Abyss here.
A spatial vortex comes into view.
A spatial vortex comes into view.
An ufetubus comes into view.
The wind drake hisses angrily.
The quasit gives a chilling moan.
Found a corrupted altar of Lugonu.
The hellwing gives a chilling moan.
There is a transporter here.
You enter the transporter and appear at another place.
A glowing orange brain comes into view.
The glowing orange brain turns its attention towards you.
The wretched star pulses with an eldritch light!
You feel less energetic. x2
A starcursed mass splits. x2 ๐Ÿ˜Ž MP[-1]
The large abomination hits you.
The wind drake begins repelling missiles!
A starcursed mass splits. x2
The hellwing swoops through the air toward you!
The hellwing hits you but does no damage.
The hellwing hits you. ๐Ÿ˜• HP[-6]
You take 6 damage, and now have 23/29 hp.
MASSIVE DAMAGE!! (PAUSE)
A starcursed mass splits.
The hellwing hits you but does no damage. x2
The wretched star pulses with an eldritch light!
You lose the ability to read scrolls when threatened.
Your connection to magic feels subdued.
Your connection to magic feels more subdued.
A starcursed mass splits.
The wind drake flaps its wings at you. The air twists around and strikes you!
You feel threatened and lose the ability to read scrolls!
* * * LOW HITPOINT WARNING * * *
๐Ÿ˜จ HP[-13]
You take 13 damage, and now have 10/29 hp.
MASSIVE DAMAGE!! (PAUSE)
The swamp worm changes into a shock serpent!
The apocalypse crab breathes chaos at you.
The blast of chaos engulfs the small abomination but does no damage.
The tentacled monstrosity is engulfed in seething chaos.
The hellwing hits you!
You die...

Skill      XL: |  1 |
---------------+----+-----
Dodging        | 2 |  2.1
Invocations    | 2 |  2.0
Fighting       | |  2.6
Armour         | |  0.7
Unarmed Combat | |  2.3

Action                   || total
-------------------------++-------
Melee: Unarmed           ||     7
Armor: Robe              ||     3
Dodge: Dodged            ||     4

Levels and vault maps discovered:
Abyss:1:  base: Temple, hangedman_abyss_feature_spike, base: Temple,
          gammafunk_corrupted_shrine

Notes
Turn   | Place    | Note
-------+----------+-------------------------------------------
     0 | Abyss:1  | spiderkeys the Troll Abyssal Knight began the quest for the
                  | Orb.
     0 | Abyss:1  | Reached XP level 1. HP: 22/22 MP: 1/1
     0 | Abyss:1  | magus.rc [v1.9.10]
     7 | Abyss:1  | Found a corrupted altar of Lugonu.
   144 | Abyss:1  | Noticed an iron imp
   153 | Abyss:1  | Killed an iron imp
   153 | Abyss:1  | Noticed a large abomination
   154 | Abyss:1  | Reached skill level 2 in Dodging
   154 | Abyss:1  | Reached skill level 2 in Invocations
   154 | Abyss:1  | Reached XP level 2. HP: 29/29 MP: 2/2
   157 | Abyss:1  | Noticed a spatial vortex
   159 | Abyss:1  | Noticed a spatial vortex
   166 | Abyss:1  | Found a transporter.
   166 | Abyss:1  | Noticed a tentacled monstrosity
   170 | Abyss:1  | Found a transporter.
   170 | Abyss:1  | Noticed a wind drake
   170 | Abyss:1  | Noticed a wretched star
   171 | Abyss:1  | Noticed an apocalypse crab
   171 | Abyss:1  | Noticed a tentacled monstrosity
   171 | Abyss:1  | Noticed a starcursed mass
   171 | Abyss:1  | Noticed a tentacled monstrosity
   171 | Abyss:1  | Noticed a thrashing horror
   172 | Abyss:1  | Found a corrupted altar of Lugonu.
   172 | Abyss:1  | Noticed a starcursed mass
   172 | Abyss:1  | Noticed a tentacled monstrosity
   172 | Abyss:1  | Noticed a swamp worm
   173 | Abyss:1  | Noticed a hellwing
   173 | Abyss:1  | Noticed a small abomination
   174 | Abyss:1  | Noticed a large abomination
   176 | Abyss:1  | Noticed a glowing orange brain
   179 | Abyss:1  | Noticed a shock serpent
   179 | Abyss:1  | a swamp worm changed into a shock serpent
   179 | Abyss:1  | Slain by a hellwing

Vanquished Creatures
  An iron imp (Abyss:1)
1 creature vanquished.

Table legend:
 A = Non-vault XP
 B = Vault XP
 C = Vault XP percentage of total XP
 D = Non-vault monster count
 E = Vault monster count
 F = Vault count percentage of total count
                 A         B        C        D         E       F
            +---------+---------+-------+---------+---------+-------
      Total |      39 |       0 |   0.0 |       1 |       0 |   0.0
            +---------+---------+-------+---------+---------+-------
    Abyss:1 |      39 |       0 |   0.0 |       1 |       0 |   0.0
            +---------+---------+-------+---------+---------+-------

Illustrated notes

Table legend:
 A = Kills in this place as a percentage of kills in entire the game.
 B = Kills by you in this place as a percentage of kills by you in the entire game.
 C = Kills by friends in this place as a percentage of kills by friends in the entire game.
 D = Other kills in this place as a percentage of other kills in the entire game.
 E = Experience gained in this place as a percentage of experience gained in the entire game.
 F = Experience gained in this place divided by the number of levels of this place that you have seen.
                   A       B       C       D       E      F
               +-------+-------+-------+-------+-------+----------------------
         Total | 100.0 | 100.0 |   N/A |   N/A | 100.0 |  39.0
         Abyss | 100.0 | 100.0 |   N/A |   N/A | 100.0 |  39.0
               +-------+-------+-------+-------+-------+----------------------

Table legend: (Time is in decaauts)
 A = Elapsed time spent in this place.
 B = Non-inter-level travel time spent in this place.
 C = Inter-level travel time spent in this place.
 D = Time resting spent in this place.
 E = Time spent auto-exploring this place.
 F = Levels seen in this place.
 G = Mean time per level.
                   A        B        C        D        E       F      G
               +--------+--------+--------+--------+--------+-----+--------+
         Total |    178 |    178 |      0 |      0 |    144 |   1 |  178.0 |
         Abyss |    178 |    178 |      0 |      0 |    144 |   1 |  178.0 |
               +--------+--------+--------+--------+--------+-----+--------+

Top non-repeatable levels by time:
 Abyss:1: 178 daAuts
